 Dungeon Sprint DCSS version 0.16-a0-66-gff12a3a (webtiles) character file.

29217 BluebellGnoll the Brawler (level 13, -11/146 HPs)
             Began as a Troll Hunter on Aug 7, 2014.
             Was the Champion of the Shining One.
             Hit by a steel javelin thrown by a merfolk javelineer (36 damage)
             ... in the Dungeon (Sprint IX: "|||||||||||||||||||||||||||||").
             The game lasted 00:34:52 (3132 turns).

BluebellGnoll the Brawler (Troll Hunter)            Turns: 3132, Time: 00:34:52

HP -11/146       AC 10     Str 26      XL: 13   Next: 14%
MP  25/25        EV  9     Int 10      God: the Shining One [******]
Gold 1016        SH 16     Dex 11      Spells:  0 memorised, 12 levels left

rFire  . . .     SeeInvis .       - Unarmed
rCold  . . .     Clarity  .     B - +2 robe {rN+}
rNeg   + + +     rCorr    .     K - +1 large shield
rPois  +         rRot     .     b - +0 hat {Int+3}
rElec  .         Spirit   .     I - +2 cloak {+Inv}
SustAb .         Warding  .     (gloves unavailable)
rMut   .         NoTele   +     (boots unavailable)
Gourm  +                        (no amulet)
MR     +....                    E - ring of protection from magic
                                D - ring of poison resistance

@: divine shield, glowing, somewhat resistant to hostile enchantments, very
unstealthy
A: unfitting armour, claws 3, fast metabolism 3, gourmand, regeneration 2,
saprovore 2, shaggy fur 1, tough skin 2
a: Divine Shield, Cleansing Flame, Summon Divine Warrior, Renounce Religion,
Evoke Invisibility


You were in the Dungeon.
You worshipped the Shining One.
The Shining One was exalted by your worship.
You were very full.

You visited 1 branch You collected 1924 gold pieces.
You spent 908 gold pieces at shops.

Inventory:

Hand weapons
 H - the +8 blowgun "Ibbamuim" {evade, MR+ Str+2}
   (You found it in the Dungeon)

   It affects your evasion (+5 to EV).
   It affects your strength (+2).
   It affects your resistance to hostile enchantments.
Missiles
 d - a large rock (quivered)
 v - 9 tomahawks
Armour
 b - a +0 hat of intelligence (worn)
 o - a +2 robe of fire resistance
 B - a +2 robe of positive energy (worn)
 I - a +2 cloak of darkness (worn)
 K - a +1 large shield (worn)
Magical devices
 l - a wand of slowing (13) {unknown}
 C - a wand of magic darts (11)
Comestibles
 a - 14 meat rations
 r - 40 fruits
 w - 12 bread rations
 z - a chunk of jumping spider flesh
Scrolls
 i - 5 scrolls of remove curse
 j - 2 scrolls of blinking
 k - 2 scrolls of amnesia
 s - 4 scrolls of enchant armour
 t - 6 scrolls of enchant weapon
 u - 4 scrolls of fear
Jewellery
 m - a +2 ring of protection
 n - a +2 ring of evasion
 D - a ring of poison resistance (left claw)
 E - a ring of protection from magic (right claw)
 F - an uncursed ring of fire
 G - an uncursed ring of protection from cold
Potions
 c - 2 potions of might
 e - 8 potions of curing
 f - a potion of heal wounds
 g - a potion of invisibility
 h - 4 potions of magic
 p - a potion of berserk rage
 q - a potion of brilliance
 x - 2 potions of haste
 L - 2 potions of resistance
 M - a potion of cure mutation
Miscellaneous
 y - a phial of floods
 A - a sack of spiders


   Skills:
 - Level 14.3 Fighting
 - Level 14.4 Throwing
 - Level 11.3 Dodging
 - Level 0.4 Stealth
 + Level 18.7 Unarmed Combat
 - Level 11.9 Invocations


You had 12 spell levels left.
You didn't know any spells.

Dungeon Overview and Level Annotations

Branches:
Dungeon (1/1)

Altars:
Cheibriados
Dithmenos
Elyvilon
Fedhas
Gozag
Kikubaaqudgha
Makhleb
Nemelex Xobeh
Okawaru
Qazlal
Sif Muna
Trog
Vehumet
Xom
Yredelemnul
Zin
The Shining One
Beogh
Jiyva
Lugonu

Shops:
D !!}*


Innate Abilities, Weirdness & Mutations

You are too large for most types of armour.
You have claws for hands.
Your metabolism is lightning-fast.
You like to eat raw meat.
You heal very quickly.
You can eat rotten meat.
You are covered in fur (AC +1).
You have very tough skin (AC +2).


Message History

You see here a sling bullet.
The merfolk javelineer throws a steel javelin.
You block the steel javelin.
Items here: ((( ) a steel javelin; a sling bullet; a trident; 5 tomahawks You are too injured to fight recklessly!
You are too injured to fight recklessly!
You closely miss the merfolk javelineer.
The merfolk javelineer throws a steel javelin.
You block the steel javelin.
You scratch the merfolk javelineer.
The merfolk javelineer begins to bleed from its wounds!
The merfolk javelineer is lightly wounded.
The merfolk javelineer throws a steel javelin.
You block the steel javelin.
Your shield prevents you from hitting the merfolk javelineer.
The merfolk javelineer is lightly wounded.
The merfolk javelineer throws a steel javelin.
The steel javelin hits you!!!
You die...

▓▓▓▓▓▓▓▓▓▓▓▓▓▓▓▓▓▓▓▓▓♣♣♣♣
+....((m@((....(....'....
▓▓▓▓▓▓▓▓▓▓▓▓▓▓▓▓▓▓▓▓▓▓▓▓▓▓▓▓▓♣♣♣♣
.................................
▓▓▓▓▓▓▓▓▓▓▓▓▓▓▓▓▓▓▓▓▓▓▓▓▓▓▓▓▓▓▓▓▓
.....'.........((()))'.(%.......[
▓▓▓▓▓▓▓▓▓▓▓▓▓▓▓▓▓▓▓▓▓▓▓▓▓▓▓▓▓▓▓▓▓
.............%...%..(((....(.....
▓▓▓▓▓▓▓▓▓▓▓▓▓▓▓▓▓▓▓▓▓▓▓▓▓▓▓▓▓▓▓▓▓
.....'.....∩%∩.∩.∩...)))%)...)%%)


You could see a merfolk javelineer (bleeding).

Vanquished Creatures
  2 emperor scorpions (D)
  A ghost moth (D)
  Gastronok (D)
  A stone giant (D)
  A merfolk impaler (D)
  Josephine (D)
  A rakshasa (D)
  An ogre mage (D)
  An anaconda (D)
  A siren (D)
  A centaur warrior (D)
  A spriggan (D)
  A swamp dragon (D)
  An orc sorcerer (D)
  2 orc knights (D)
  4 moths of wrath (D)
  A faun (D)
  A black mamba (D)
  2 spiny frogs (D)
  A demonic crawler (D)
  A komodo dragon (shapeshifter) (D)
  4 blink frogs (D)
  3 giant leeches (D)
  A jumping spider (D)
  A raven (D)
  2 trapdoor spiders (D)
  A wraith (D)
  A vampire mosquito (D)
  3 hippogriffs (D)
  2 water moccasins (D)
  2 yaks (D)
  A naga (D)
  2 porcupines (D)
  9 orc warriors (D)
  A swamp drake (D)
  A sky beast (D)
  A yellow wasp (D)
  3 jellies (D)
  2 crocodiles (D)
  5 giant frogs (D)
  A scorpion (D)
  4 orc wizards (D)
  2 orc priests (D)
  2 adders (D)
  A green rat (D)
  2 adder zombies (D)
  An adder simulacrum (D)
  2 giant geckos (D)
  10 orcs (D)
  A ball python (D)
  A bat skeleton (D)
  A giant cockroach (D)
  A goblin (D)
  A jackal (D)
  4 quokkas (D)
  A goblin zombie (D)
  A hobgoblin simulacrum (D)
  A hobgoblin zombie (D)
  A kobold zombie (D)
  2 rats (D)
112 creatures vanquished.

Vanquished Creatures (collateral kills)
  A greater naga (D)
  An emperor scorpion (D)
  A shambling mangrove (D)
  A deep troll shaman (D)
  A centaur warrior (D)
  A deep troll earth mage (D)
  An anaconda (D)
  A satyr (D)
  7 orc high priests (D)
  A deep elf knight (D)
  A spriggan druid (D)
  3 unseen horrors (D)
  A manticore (D)
  A black mamba (D)
  A sixfirhy (D)
  Joseph (D)
  An orange demon (D)
  Psyche (D)
  A spiny frog (D)
  A jumping spider (D)
  A blue devil (D)
  A red devil (D)
  A merfolk (D)
  A raven (D)
  A troll (D)
  A boulder beetle (D)
  A tarantella (D)
  A ynoxinul (D)
  A wraith (D)
  Grum (D)
  2 wolves (D)
  2 nagas (D)
  A water moccasin (D)
  A centaur (D)
  5 orc priests (D)
  A shadow imp (D)
50 creatures vanquished.

Vanquished Creatures (others)
  2 daevas (D)
  2 angels (D)
  A water elemental (D)
  A redback (D)
  A tarantella (D)
  A plant (D)
8 creatures vanquished.

Grand Total: 170 creatures vanquished

Notes
Turn   | Place    | Note
--------------------------------------------------------------
     0 | D        | BluebellGnoll, the Troll Hunter, began the quest for the Orb.
     0 | D        | Reached XP level 1. HP: 19/19 MP: 1/1
    50 | D        | Noticed a sky beast
    52 | D        | Reached skill level 4 in Unarmed Combat
    52 | D        | Reached XP level 2. HP: 27/27 MP: 1/1
    58 | D        | Reached skill level 5 in Unarmed Combat
    67 | D        | Killed a sky beast
    67 | D        | Reached skill level 9 in Unarmed Combat
    67 | D        | Reached XP level 3. HP: 33/33 MP: 2/2
    67 | D        | Reached XP level 4. HP: 41/41 MP: 2/2
    96 | D        | Found a glowing silver altar of Zin.
    96 | D        | Found a glowing golden altar of the Shining One.
    96 | D        | Found an ancient bone altar of Kikubaaqudgha.
    96 | D        | Found a basalt altar of Yredelemnul.
    96 | D        | Found a shimmering altar of Xom.
    96 | D        | Found a radiant altar of Vehumet.
    96 | D        | Found an iron altar of Okawaru.
    97 | D        | Found a burning altar of Makhleb.
    98 | D        | Found a deep blue altar of Sif Muna.
    99 | D        | Found a bloodstained altar of Trog.
   100 | D        | Found a sparkling altar of Nemelex Xobeh.
   101 | D        | Found a white marble altar of Elyvilon.
   102 | D        | Found a roughly hewn altar of Beogh.
   103 | D        | Found a viscous altar of Jiyva.
   104 | D        | Found a corrupted altar of Lugonu.
   105 | D        | Found a blossoming altar of Fedhas.
   112 | D        | Became a worshipper of the Shining One
   119 | D        | Found a snail-covered altar of Cheibriados.
   120 | D        | Found a shadowy altar of Dithmenos.
   121 | D        | Found a stormy altar of Qazlal.
   122 | D        | Found an opulent altar of Gozag.
   155 | D        | Noticed a wraith
   155 | D        | Noticed a scorpion
   155 | D        | Noticed an orc warrior
   157 | D        | Acquired the Shining One's first power
   161 | D        | Killed an orc warrior
   161 | D        | Reached XP level 5. HP: 41/59 MP: 2/2
   165 | D        | Killed a scorpion
   165 | D        | Reached XP level 6. HP: 46/71 MP: 3/3
   172 | D        | Killed a wraith
   214 | D        | Noticed a centaur warrior
   214 | D        | Noticed a hippogriff
   214 | D        | Acquired the Shining One's second power
   214 | D        | Noticed a blink frog
   214 | D        | Noticed a jelly
   214 | D        | Noticed a giant frog
   231 | D        | Killed a giant frog
   233 | D        | Noticed a wind drake
   233 | D        | a crocodile changed into a wind drake
   238 | D        | Killed a jelly
   238 | D        | Reached XP level 7. HP: 30/83 MP: 3/3
   240 | D        | Killed a jelly
   240 | D        | Reached skill level 5 in Dodging
   245 | D        | Killed a jelly
   248 | D        | Killed a hippogriff
   249 | D        | Noticed a komodo dragon
   249 | D        | a wind drake changed into a komodo dragon
   251 | D        | Killed a centaur warrior
   251 | D        | Reached skill level 10 in Dodging
   251 | D        | Reached XP level 8. HP: 31/92 MP: 3/3
   256 | D        | Killed a komodo dragon
   256 | D        | Reached skill level 11 in Dodging
   393 | D        | Noticed a yak
   393 | D        | Noticed a yak
   393 | D        | Noticed a porcupine
   393 | D        | Noticed a giant frog
   393 | D        | Noticed a giant frog
   397 | D        | Killed a giant frog
   399 | D        | Killed a giant frog
   401 | D        | Killed a porcupine
   401 | D        | Reached skill level 10 in Unarmed Combat
   410 | D        | Killed a yak
   410 | D        | Reached XP level 9. HP: 93/101 MP: 1/4
   414 | D        | Killed a yak
   414 | D        | Reached skill level 10 in Fighting
   461 | D        | Noticed a porcupine
   461 | D        | Noticed a water moccasin
   461 | D        | Noticed a water moccasin
   461 | D        | Noticed a spiny frog
   461 | D        | Noticed a crocodile
   461 | D        | Noticed a giant frog
   461 | D        | Acquired the Shining One's third power
   463 | D        | Killed a giant frog
   466 | D        | Killed a crocodile
   471 | D        | Killed a spiny frog
   471 | D        | Reached skill level 12 in Unarmed Combat
   472 | D        | Killed a water moccasin
   478 | D        | Killed a water moccasin
   482 | D        | Killed a porcupine
   482 | D        | Reached skill level 13 in Unarmed Combat
   483 | D        | Noticed a crocodile
   485 | D        | Noticed a hippogriff
   488 | D        | Killed a crocodile
   492 | D        | Killed a hippogriff
   741 | D        | Noticed a blink frog
   741 | D        | Noticed a vampire mosquito
   741 | D        | Noticed a giant leech
   741 | D        | Noticed a blink frog
   741 | D        | Noticed a blink frog
   741 | D        | Noticed a giant frog
   741 | D        | Noticed a blink frog
   742 | D        | Noticed a spiny frog
   746 | D        | Killed a blink frog
   749 | D        | Killed a blink frog
   749 | D        | Reached skill level 14 in Unarmed Combat
   756 | D        | Killed a blink frog
   762 | D        | Killed a giant frog
   766 | D        | Killed a giant leech
   766 | D        | Acquired the Shining One's fourth power
   766 | D        | Reached XP level 10. HP: 104/110 MP: 4/4
   771 | D        | Killed a vampire mosquito
   771 | D        | Reached skill level 15 in Unarmed Combat
   774 | D        | Killed a spiny frog
   777 | D        | Killed a blink frog
   905 | D        | Noticed Gastronok
   927 | D        | Killed Gastronok
   927 | D        | Reached skill level 17 in Unarmed Combat
   990 | D        | Noticed an orc wizard
   993 | D        | Killed an orc wizard
   995 | D        | Noticed an orc priest
   998 | D        | Noticed an orc wizard
   998 | D        | Noticed an orc wizard
  1000 | D        | Reached skill level 1 in Invocations
  1004 | D        | Killed an orc priest
  1009 | D        | Killed an orc wizard
  1010 | D        | Killed an orc wizard
  1113 | D        | Noticed an orc warrior
  1113 | D        | Noticed an orc warrior
  1113 | D        | Noticed an orc knight
  1113 | D        | Noticed an orc warrior
  1113 | D        | Noticed an orc wizard
  1113 | D        | Noticed an orc sorcerer
  1113 | D        | Noticed an orc warrior
  1114 | D        | Noticed an orc warrior
  1117 | D        | Killed an orc sorcerer
  1119 | D        | Noticed an orc knight
  1119 | D        | Killed an orc warrior
  1123 | D        | Killed an orc knight
  1127 | D        | Killed an orc warrior
  1128 | D        | Killed an orc warrior
  1130 | D        | Noticed an orc warrior
  1136 | D        | Killed an orc knight
  1137 | D        | Noticed an orc warrior
  1139 | D        | Noticed an orc warrior
  1141 | D        | Killed an orc warrior
  1144 | D        | Killed an orc warrior
  1147 | D        | Killed an orc warrior
  1151 | D        | Killed an orc warrior
  1151 | D        | Reached XP level 11. HP: 40/117 MP: 9/19
  1154 | D        | Killed an orc warrior
  1157 | D        | Killed an orc wizard
  1281 | D        | Found Rafu's General Store.
  1281 | D        | Noticed an orc high priest
  1281 | D        | Noticed an orc high priest
  1281 | D        | Noticed an orc priest
  1281 | D        | Noticed an orc priest
  1281 | D        | Noticed an orc high priest
  1281 | D        | Noticed an orc priest
  1282 | D        | Killed an orc priest
  1283 | D        | Found Sokausasm's Gadget Shop.
  1284 | D        | Noticed an orc priest
  1291 | D        | Killed an orc high priest
  1292 | D        | Killed an orc priest
  1294 | D        | Killed an orc priest
  1309 | D        | Killed an orc high priest
  1309 | D        | Reached skill level 10 in Invocations
  1319 | D        | Killed an orc high priest
  1323 | D        | Killed an orc priest
  1327 | D        | Noticed an orc high priest
  1329 | D        | Killed an orc high priest
  1330 | D        | Noticed an ice devil
  1366 | D        | Found Gruycwogg's Distillery.
  1370 | D        | Found Jyoh's Distillery.
  1372 | D        | Noticed an orc high priest
  1378 | D        | Killed an orc high priest
  1379 | D        | Noticed an orc priest
  1380 | D        | Noticed an orc high priest
  1380 | D        | Killed an orc priest
  1381 | D        | Noticed an orc high priest
  1382 | D        | Killed an orc high priest
  1388 | D        | Killed an orc high priest
  1390 | D        | Noticed an orc priest
  1391 | D        | Killed an orc priest
  1459 | D        | Bought a potion of heal wounds for 36 gold pieces
  1459 | D        | Bought 2 potions of haste for 168 gold pieces
  1459 | D        | Bought a potion of curing for 24 gold pieces
  1466 | D        | Bought a phial of floods for 440 gold pieces
  1469 | D        | Bought a sack of spiders for 240 gold pieces
  1500 | D        | Noticed Psyche
  1505 | D        | Noticed a wolf
  1505 | D        | Killed Psyche
  1506 | D        | Killed a wolf
  1513 | D        | Noticed Grum
  1515 | D        | Noticed a wolf
  1518 | D        | Killed Grum
  1522 | D        | Killed a wolf
  1541 | D        | Noticed Joseph
  1548 | D        | Killed Joseph
  1621 | D        | Got the +8 blowgun "Ibbamuim" {evade, MR+ Str+2}
  1724 | D        | Noticed a wraith
  1724 | D        | Noticed an unseen horror
  1724 | D        | Noticed a centaur
  1724 | D        | Noticed a centaur warrior
  1724 | D        | Noticed an unseen horror
  1724 | D        | Noticed an unseen horror
  1725 | D        | Killed an unseen horror
  1732 | D        | Noticed a troll
  1732 | D        | Killed an unseen horror
  1734 | D        | Noticed a stone giant
  1735 | D        | Killed a centaur warrior
  1737 | D        | Noticed an ogre mage
  1737 | D        | Killed a centaur
  1739 | D        | Killed an unseen horror
  1742 | D        | Killed a wraith
  1744 | D        | Killed a troll
  1750 | D        | Killed a stone giant
  1753 | D        | Killed an ogre mage
  1754 | D        | Noticed a deep troll shaman
  1756 | D        | Noticed a rakshasa
  1757 | D        | Noticed a deep elf knight
  1758 | D        | Noticed an emperor scorpion
  1761 | D        | Noticed a deep troll earth mage
  1765 | D        | Killed a deep troll shaman
  1772 | D        | Noticed a deep troll earth mage
  1776 | D        | Killed a rakshasa
  1779 | D        | Killed a deep elf knight
  1801 | D        | Killed a deep troll earth mage
  1804 | D        | Killed an emperor scorpion
  1804 | D        | Reached XP level 12. HP: 43/139 MP: 19/24
  2090 | D        | Noticed Josephine
  2097 | D        | Killed Josephine
  2189 | D        | Noticed a naga
  2189 | D        | Noticed a black mamba
  2189 | D        | Noticed a greater naga
  2189 | D        | Noticed a naga
  2189 | D        | Noticed an anaconda
  2189 | D        | Noticed a water moccasin
  2189 | D        | Noticed a naga
  2192 | D        | Killed a naga
  2198 | D        | Killed an anaconda
  2199 | D        | Noticed a black mamba
  2200 | D        | Killed a water moccasin
  2201 | D        | Noticed an anaconda
  2206 | D        | Killed a greater naga
  2208 | D        | Killed a naga
  2213 | D        | Killed a black mamba
  2218 | D        | Killed a naga
  2227 | D        | Killed an anaconda
  2233 | D        | Killed a black mamba
  2458 | D        | Noticed a spiny frog
  2458 | D        | Noticed a shambling mangrove
  2458 | D        | Noticed a giant leech
  2458 | D        | Noticed a spriggan rider
  2458 | D        | Noticed a swamp drake
  2458 | D        | Noticed a giant leech
  2462 | D        | Killed a giant leech
  2464 | D        | Killed a swamp drake
  2465 | D        | Noticed a spriggan druid
  2471 | D        | Killed a spriggan rider
  2471 | D        | Killed a yellow wasp
  2475 | D        | Killed a giant leech
  2476 | D        | Noticed a swamp dragon
  2479 | D        | HP: 2/139 [spriggan druid/angry trees (13)]
  2484 | D        | Killed a shambling mangrove
  2484 | D        | Reached skill level 10 in Throwing
  2494 | D        | Killed a spiny frog
  2498 | D        | Killed a spriggan druid
  2502 | D        | Killed a swamp dragon
  2524 | D        | Noticed an emperor scorpion
  2539 | D        | Killed an emperor scorpion
  2590 | D        | Noticed a moth of wrath
  2596 | D        | Killed a moth of wrath
  2600 | D        | Noticed a tarantella
  2605 | D        | Killed a tarantella
  2695 | D        | Noticed a moth of wrath
  2702 | D        | Killed a moth of wrath
  2732 | D        | Noticed a moth of wrath
  2735 | D        | Noticed a moth of wrath
  2738 | D        | Killed a moth of wrath
  2741 | D        | Killed a moth of wrath
  2765 | D        | Noticed an emperor scorpion
  2782 | D        | Killed an emperor scorpion
  2785 | D        | Noticed a ghost moth
  2795 | D        | Killed a ghost moth
  3020 | D        | Noticed a boulder beetle
  3020 | D        | Noticed a redback
  3020 | D        | Noticed a demonic crawler
  3020 | D        | Noticed a tarantella
  3020 | D        | Noticed a jumping spider
  3022 | D        | Noticed a trapdoor spider
  3025 | D        | Killed a jumping spider
  3032 | D        | Killed a demonic crawler
  3035 | D        | Killed a tarantella
  3036 | D        | Killed a redback
  3046 | D        | Killed a boulder beetle
  3062 | D        | Noticed a jumping spider
  3066 | D        | Killed a trapdoor spider
  3066 | D        | Reached XP level 13. HP: 134/146 MP: 21/25
  3070 | D        | Killed a jumping spider
  3086 | D        | Noticed a trapdoor spider
  3088 | D        | Killed a trapdoor spider
  3092 | D        | Noticed a merfolk impaler
  3092 | D        | Noticed a faun
  3092 | D        | Noticed a manticore
  3092 | D        | Noticed a satyr
  3092 | D        | Noticed a siren
  3092 | D        | Noticed a merfolk
  3097 | D        | Noticed a merfolk javelineer
  3097 | D        | Noticed a hippogriff
  3102 | D        | Killed a siren
  3104 | D        | Killed a merfolk
  3104 | D        | Reached skill level 18 in Unarmed Combat
  3110 | D        | Killed a satyr
  3115 | D        | Killed a manticore
  3118 | D        | Killed a faun
  3124 | D        | Killed a merfolk impaler
  3125 | D        | Killed a hippogriff
  3132 | D        | Hit by a steel javelin thrown by a merfolk javelineer

Action                   |  1- 3 |  4- 6 |  7- 9 | 10-12 | 13-15 || total
-------------------------+-------+-------+-------+-------+-------++-------
Melee: Unarmed           |    30 |    21 |    68 |   158 |    12 ||   289
Throw: Large rock        |       |     5 |    16 |    31 |     7 ||    59
       Throwing net      |       |     1 |     2 |       |       ||     3
       Tomahawk          |       |       |       |    16 |       ||    16
Invok: Divine Shield     |       |       |     2 |     6 |     1 ||     9
       Summon Divine War |       |       |       |     6 |       ||     6
Evoke: Phial of floods   |       |       |       |     2 |       ||     2
  Use: Potion            |     2 |       |     2 |     3 |     1 ||     8
  Eat: Chunk             |     3 |     4 |     6 |    23 |     1 ||    37
